 Dungeon Crawl Stone Soup version 0.30-a0-377-g5cb311bc9f (webtiles) character file.

Game seed: 11680538806145958883

369 KennySheep the Magician (level 7, -1/50 HPs)
             Began as a Djinni Conjurer on Nov 29, 2022.
             Slain by a lemure (5 damage)
             ... led by Pikel
             ... on level 4 of the Dungeon.
             The game lasted 00:08:59 (2585 turns).

KennySheep the Magician (Djinni Conjurer)           Turns: 2585, Time: 00:08:59

Health: -1/50      AC:  5    Str:  6    XL:     7   Next: 1%
Gold:   162        EV: 11    Int: 21    God:
                   SH:  5    Dex: 12

rFire   + + .      SeeInvis .    a - +1 dagger (venom)
rCold   x . .      Faith    .    (no shield)
rNeg    . . .      Spirit   .    p - +2 leather armour "Tiblesk" {Regen+}
rPois   ∞          Reflect  +    (no helmet)
rElec   .          Harm     .    (no cloak)
rCorr   .          Rampage  .    (no gloves)
Will    .....                    (boots unavailable)
Stlth   +.........               s - amulet of reflection
HPRegen 1.08/turn                (no ring)
MPRegen 0.00/turn                (no ring)

@: wereblooded, flying
A: sickness immunity, fire resistance 2, cold vulnerability 1, float, innate
caster, HP casting, extra vitality 1
a: no special abilities


You were on level 4 of the Dungeon.
You visited 1 branch of the dungeon, and saw 4 of its levels.

You collected 162 gold pieces.

Inventory:

Hand Weapons
 a - a +1 dagger of venom (weapon)
 e - a +0 vampiric whip
Armour
 p - the +2 leather armour "Tiblesk" (worn) {Regen+}
   (You found it on level 3 of the Dungeon)

   Regen:     It increases your rate of health regeneration.
Jewellery
 s - an amulet of reflection (around neck)
Scrolls
 b - a scroll of magic mapping
 d - a scroll of fear {unknown}
 f - a scroll of enchant weapon
 g - 2 scrolls of silence
 h - a scroll of blinking
 i - a scroll of identify
 k - 2 scrolls of vulnerability
 m - a scroll of noise {unknown}
 n - a scroll of amnesia {unknown}
 t - a scroll of summoning {unknown}
Potions
 c - a potion of berserk rage {unknown}
 j - 2 potions of resistance
 l - a potion of mutation {unknown}
 o - a potion of curing {unknown}
 q - a potion of cancellation {unknown}
 r - a potion of lignification {unknown}


   Skills:
 + Level 3.4 Fighting
 - Level 2.1 Dodging
 - Level 1.5 Stealth
 * Level 5.3 Spellcasting


You couldn't memorise any spells.
You knew the following spells:

 Your Spells              Type           Power      Damage    Failure   Level
a - Magic Dart            Conj           100%       1d8       1%          1
b - Searing Ray           Conj           56%        2d6       2%          2
c - Iskenderun's Mystic   Conj/Tloc      28%        2d7       19%         4
d - Fulminant Prism       Conj/Hex       14%        3d8       19%         4
e - Dazzling Flash        Conj/Hex       56%        N/A       5%          3
f - Summon Small Mammal   Summ           100%       N/A       1%          1
g - Wereblood             Tmut           28%        N/A       2%          2
h - Hailstorm             Conj/Ice       28%        3d8       5%          3
Your spell library was empty.

Dungeon Overview and Level Annotations

Branches:
Dungeon (4/15)
 Temple: D:4-7

Altars:
Dithmenos

Annotations:
D:4 1 runed translucent door, Crazy Yiuf, Pikel


Innate Abilities, Weirdness & Mutations

You are immune to sickness and miasma.
You are immune to poison.
Your flesh is very heat resistant. (rF++)
You are vulnerable to cold. (rC-)
You float through the air rather than walking.
You learn spells naturally, not from books.
Your magical power is your life essence.
You have superior vitality. (+4 MHP)


Message History

The lemure is moderately wounded.
The lemure hits you. x2
Casting: Hailstorm (dangerous; 5% risk of failure)
Confirm with . or Enter, or press ? or * to list all spells.
Casting: Hailstorm (dangerous; 5% risk of failure)
Press: ? - help, Dir - look around, f - activate A cannonade of hail descends around you!
The hail misses Pikel.
The hail misses the lemure.
The lemure hits you.
The lemure hits you but does no damage. x2
Casting: Hailstorm (dangerous; 5% risk of failure)
Confirm with . or Enter, or press ? or * to list all spells.
Casting: Hailstorm (dangerous; 5% risk of failure)
Press: ? - help, Dir - look around, f - activate A cannonade of hail descends around you!
The hail misses Pikel.
The hail pelts the lemure!
The lemure is severely wounded.
The lemure hits you. x2
* * * LOW HITPOINT WARNING * * *
The lemure barely misses you.
Casting: Hailstorm (dangerous; 5% risk of failure)
Confirm with . or Enter, or press ? or * to list all spells.
You don't know that spell.
Unknown command.
The lemure attacks as you move away! The lemure hits you.
* * * LOW HITPOINT WARNING * * *
The lemure attacks as you move away! The lemure closely misses you.
Casting: Hailstorm (dangerous; 5% risk of failure)
Confirm with . or Enter, or press ? or * to list all spells.
Casting: Hailstorm (dangerous; 5% risk of failure)
Press: ? - help, Dir - look around, f - activate A cannonade of hail descends around you!
The hail misses the lemure.
The hail misses Pikel.
* * * LOW HITPOINT WARNING * * *
The lemure closely misses you. The lemure hits you.
* * * LOW HITPOINT WARNING * * *
The lemure hits you.
* * * LOW HITPOINT WARNING * * *
Okay, then.
The lemure attacks as you move away! The lemure hits you.
You die...

.....................†...
..#.................####
..#.......#######...#
#.#......#...#.....<#
#.##.........#......#
#.###...#########...#
#.##...#...#........#
#.##.......#..!.....#
#.##..#########.@########
.....#...#.....555K......
#........#.......5.......
....#########............
.......# ............$.#
..#....# ..............#
..#.#### ##.?##.........#
..#.. ... ######+####
..#####. ##


You could see Pikel and 4 lemures.

Vanquished Creatures
  A black bear (D:4)
  A centaur (D:4)
  A hound (D:3)
  2 jellies
  5 adders
  2 worms (D:3)
  2 dart slugs
  6 endoplasms
  2 giant cockroaches
  5 goblins
  7 hobgoblins
  3 quokkas
  5 ball pythons
  3 bats
  5 frilled lizards
  6 kobolds
  2 rats (D:3)
  A spectral goblin (D:2)
59 creatures vanquished.

Notes
Turn   | Place    | Note
-------+----------+-------------------------------------------
     0 | D:1      | KennySheep the Djinni Conjurer began the quest for the Orb.
     0 | D:1      | KennySheep set off with the following spells memorised:
                  | Magic Dart, Searing Ray, Dazzling Flash, Fulminant Prism,
                  | Iskenderun's Mystic Blast.
     0 | D:1      | Reached XP level 1. HP: 15/15 MP: 0/0
   204 | D:1      | Reached XP level 2. HP: 16/22 MP: 0/0
   621 | D:1      | Reached skill level 1 in Fighting
  1026 | D:2      | Found a shadowy altar of Dithmenos.
  1034 | D:2      | Reached XP level 3. HP: 21/27 MP: 0/0
  1034 | D:2      | Learned a level 1 spell: Summon Small Mammal
  1280 | D:2      | Reached skill level 4 in Spellcasting
  1280 | D:2      | Reached XP level 4. HP: 30/32 MP: 0/0
  1309 | D:2      | Found a faded altar of an unknown god.
  1562 | D:3      | Reached XP level 5. HP: 33/38 MP: 0/0
  1562 | D:3      | Learned a level 2 spell: Wereblood
  1923 | D:3      | Identified the +2 leather armour "Tiblesk" {Regen+}
  2350 | D:4      | Noticed a black bear
  2352 | D:4      | Noticed a centaur
  2357 | D:4      | Killed a black bear
  2358 | D:4      | Reached skill level 5 in Spellcasting
  2358 | D:4      | Reached XP level 6. HP: 41/46 MP: 0/0
  2413 | D:4      | Found a runed translucent door.
  2414 | D:4      | Noticed Crazy Yiuf
  2567 | D:4      | Reached XP level 7. HP: 50/50 MP: 0/0
  2567 | D:4      | Learned a level 3 spell: Hailstorm
  2576 | D:4      | Noticed Pikel
  2585 | D:4      | Slain by a lemure

Illustrated notes

Levels and vault maps discovered:
D:1:      elethiomel_arrival_shortcut, layout_basic, serial_forest,
          infiniplex_forest_straight_1, infiniplex_forest_clump_double,
          infiniplex_forest_clump_cross, infiniplex_forest_end_2,
          infiniplex_forest_clump_diagonal, infiniplex_forest_lined_2,
          infiniplex_forest_clump_small
D:2:      layout_rooms, basic_altar, dreamdust_ecumenical_altar_drowned_temple,
          chequers_avenue
D:3:      layout_basic, grunt_ministairs_13, minmay_randomly_rotated_circles
D:4:      cheibrodos_helix_gallery, layout_basic, makhleb_heckhound_becter,
          serial_glass, glass_columns_b, glass_columns_a,
          hangedman_abyss_or_decor_stagger, uniq_crazy_yiuf_cottage, uniq_pikel

Skill      XL: |  1  2  3  4  5 |
---------------+----------------+-----
Fighting       | 1 2 3 |  3.4
Spellcasting   | 4 5 |  5.3
Dodging        | |  2.1
Stealth        | |  1.5

Action                   |  1- 3 |  4- 6 |  7- 9 || total
-------------------------+-------+-------+-------++-------
Melee: Whip              |     7 |       |       ||     7
       Dagger            |       |     3 |       ||     3
 Cast: Magic Dart        |    52 |    69 |       ||   121
       Searing Ray       |       |     5 |       ||     5
       Hailstorm         |       |       |     5 ||     5
       Wereblood         |       |       |     1 ||     1
  Use: Scroll            |     4 |     1 |       ||     5
Armor: Robe              |     2 |     1 |       ||     3
       Leather armour    |       |     5 |     2 ||     7
Dodge: Dodged            |     5 |    20 |     4 ||    29
Block: Other             |       |       |     1 ||     1

Table legend: (Time is in decaauts)
 A = Elapsed time spent in this place.
 B = Non-inter-level travel time spent in this place.
 C = Inter-level travel time spent in this place.
 D = Time resting spent in this place.
 E = Time spent auto-exploring this place.
 F = Levels seen in this place.
 G = Mean time per level.
                   A        B        C        D        E       F      G
               +--------+--------+--------+--------+--------+-----+--------+
         Total |   2584 |   2506 |     78 |     31 |   2144 |   4 |  646.0 |
       Dungeon |   2584 |   2506 |     78 |     31 |   2144 |   4 |  646.0 |
               +--------+--------+--------+--------+--------+-----+--------+

Top non-repeatable levels by time:
     D:1: 977 daAuts
     D:3: 874 daAuts
     D:2: 497 daAuts
     D:4: 234 daAuts
